Map: Dusk Towers

Players

Solar - Winner!

  • Race: Zerg Zerg
  • League: Grandmaster

아마추어 (MC)

  • Race: Protoss Protoss
  • League: Grandmaster

Event: Root's WW3

VOD

Have the link to the VOD?

Description

Time

  • Played on: Dec. 12, 2015, 8:45 a.m.
  • Length: 9:51

All games in this series

Show
View Real Time Build Order
Export as new Build Order

Solar Zerg - Winner!

Build Orders: 3 Hatch before Pool 

Get SALT Encoding   

  12  0:00  Drone  
  13  0:12  Overlord  
  13  0:17  Drone  
  14  0:30  Drone x2  
  14  0:34  Drone  
  17  0:53  Hatchery  
  17  0:55  Drone  
  18  0:57  Drone  
  18  1:17  Hatchery  
  17  1:20  Drone  
  18  1:27  Extractor  
  18  1:28  Drone  
  18  1:37  Spawning Pool  
  18  1:40  Drone  
  18  1:44  Drone  
  19  1:49  Drone  
  20  2:00  Drone  
  21  2:05  Drone  
  22  2:10  Drone  
  23  2:24  Queen x2  
  23  2:28  Zergling x2  
  23  2:29  Metabolic Boost  
  28  2:34  Queen  
  30  2:37  Drone  
  30  2:40  Overlord  
  30  2:42  Drone  
  32  2:45  Drone  
  32  2:48  Drone  
  34  2:58  Drone x5  
  34  3:01  Overlord  
  39  3:06  Drone x2  
  39  3:09  Drone  
  42  3:14  Overlord  
  42  3:20  Drone x2  
  42  3:23  Drone  
  42  3:25  Drone  
  46  3:30  Overlord  
  46  3:34  Drone x3  
  49  3:35  Drone x4  
  49  3:38  Drone, Extractor  
  53  3:44  Drone x3  
  53  3:47  Drone x2  
  58  3:49  Overlord  
  58  3:50  Extractor  
  57  3:56  Drone  
  57  3:57  Drone  
  57  3:58  Roach Warren  
  57  4:00  Lair, Drone  
  59  4:05  Extractor  
  59  4:09  Drone x3  
  61  4:10  Overlord  
  61  4:11  Drone  
  61  4:16  Overlord  
  62  4:17  Overlord  
  62  4:18  Overlord  
  62  4:21  Drone x3  
  62  4:23  Extractor  
  64  4:28  Drone  
  65  4:33  Overlord  
  65  4:34  Overlord  
  65  4:39  Roach x6  
  65  4:41  Roach  
  65  4:43  Roach x2  
  83  4:52  Drone  
  84  4:53  Drone x3, Extractor  
  84  4:54  Overlord  
  84  4:55  Zergling x2  
  87  5:00  Glial Reconstitution  
  87  5:01  Spire  
  87  5:03  Zergling x2  
  87  5:04  Evolution Chamber  
  87  5:05  Overseer  
  87  5:06  Zergling x2  
  87  5:07  Zergling x2  
  87  5:10  Zergling x2  
  87  5:11  Zergling x4  
  87  5:13  Roach  
  94  5:14  Zergling x2  
  94  5:17  Overlord  
  94  5:19  Zergling x2  
  94  5:21  Zergling x2  
  94  5:22  Zergling x2  
  94  5:25  Zergling x4  
  94  5:26  Zergling x2  
  94  5:27  Overlord  
  98  5:29  Zergling x2  
  95  5:35  Zergling x2  
  95  5:36  Queen  
  95  5:39  Drone x2  
  95  5:42  Drone x2  
  98  5:43  Drone x2  
  98  5:44  Drone x3  
  102  5:50  Drone  
  102  5:51  Drone  
  102  5:52  Zerg Melee Weapons Level 1  
  102  5:53  Overlord  
  102  5:54  Overlord  
  104  6:13  Hatchery  
  104  6:14  Mutalisk x5  
  104  6:16  Mutalisk  
  115  6:18  Mutalisk  
  115  6:21  Mutalisk  
  115  6:22  Mutalisk  
  115  6:25  Ravager x3  
  124  6:28  Zergling x6  
  124  6:30  Zergling x2  
  124  6:31  Zergling x4  
  131  6:32  Zergling x2  
  131  6:34  Ravager  
  131  6:35  Ravager  
  131  6:38  Overlord  
  133  6:41  Overlord  
  133  6:48  Zerg Flyer Weapons Level 1, Drone  
  133  6:50  Mutalisk  
  135  6:57  Extractor  
  135  6:58  Mutalisk x2  
  135  7:00  Extractor  
  135  7:01  Roach, Zergling x14  
  136  7:05  Overlord, Zergling x2  
  143  7:11  Ravager  
  143  7:14  Zergling x2  
  145  7:20  Zergling x12  
  150  7:26  Mutalisk x3  
  150  7:28  Zergling x8  
  151  7:34  Mutalisk  
  151  7:36  Drone x2  
  152  7:37  Queen  
  152  7:38  Drone  
  152  7:43  Mutalisk x2  
  159  7:45  Drone  
  159  7:48  Drone  
  159  7:54  Drone x2  
  159  7:55  Drone  
  160  7:59  Drone  
  160  8:01  Overlord  
  160  8:02  Overlord  
  161  8:05  Mutalisk, Drone  
  161  8:06  Mutalisk  
  161  8:07  Zergling x4  
  161  8:08  Zergling x6  
  161  8:09  Overlord  
  161  8:10  Zergling x2  
  170  8:18  Drone, Mutalisk x2  
  175  8:21  Overlord  
  175  8:26  Drone  
  176  8:27  Overseer  
  176  8:28  Drone  
  176  8:30  Mutalisk x2  
  181  8:36  Zergling x14  
  181  8:37  Zergling x4  
  185  8:43  Mutalisk x2  
  185  8:48  Zergling x10  
  185  8:57  Mutalisk x2  
  185  9:01  Zergling x10  
  194  9:04  Mutalisk  
  196  9:16  Mutalisk x3  
  194  9:18  Zergling x4  
  194  9:19  Zergling x4  
  194  9:23  Mutalisk  
  187  9:27  Mutalisk  
  187  9:29  Zergling x18  
Show
View Real Time Build Order
Export as new Build Order

아마추어 Protoss 

Build Orders: Nexus First 

Get SALT Encoding   

  12  0:00  Probe (Chrono Boost)  
  13  0:11  Probe (Chrono Boost)  
  14  0:19  Pylon  
  14  0:21  Probe (Chrono Boost)  
  15  0:37  Probe (Chrono Boost)  
  16  0:55  Nexus  
  16  0:57  Probe (Chrono Boost)  
  17  1:08  Gateway  
  17  1:11  Probe (Chrono Boost)  
  18  1:22  Probe (Chrono Boost)  
  18  1:23  Assimilator  
  18  1:25  Assimilator  
  20  1:32  Probe (Chrono Boost)  
  20  1:37  Pylon  
  20  1:43  Probe (Chrono Boost)  
  21  1:54  Probe (Chrono Boost)  
  22  1:57  Cybernetics Core  
  22  1:58  Zealot  
  24  2:04  Probe (Chrono Boost)  
  24  2:07  Probe (Chrono Boost)  
  26  2:15  Probe (Chrono Boost)  
  27  2:18  Probe (Chrono Boost)  
  28  2:25  Probe (Chrono Boost)  
  28  2:27  Probe (Chrono Boost)  
  30  2:33  Warp Gate  
  30  2:35  Stalker (Chrono Boost)  
  30  2:36  Probe  
  33  2:37  Probe  
  34  2:48  Probe x2  
  34  2:51  Twilight Council  
  36  2:58  Probe  
  36  3:00  Probe  
  36  3:01  Stalker (Chrono Boost)  
  40  3:09  Probe  
  40  3:10  Pylon  
  40  3:12  Probe  
  42  3:18  Robotics Facility  
  42  3:21  Resonating Glaives (Chrono Boost)  
  42  3:22  Probe  
  42  3:24  Probe  
  44  3:27  Adept (Chrono Boost)  
  44  3:32  Probe, Pylon  
  47  3:36  Probe  
  47  3:39  Pylon  
  48  3:46  Probe  
  49  3:48  Probe  
  49  3:54  Sentry  
  52  3:59  Gateway  
  52  4:00  Gateway  
  52  4:02  Gateway  
  52  4:04  Gateway  
  52  4:10  Warp Prism (Chrono Boost)  
  52  4:14  Mothership Core  
  52  4:15  Probe  
  57  4:19  Assimilator  
  57  4:20  Assimilator  
  57  4:27  Probe  
  57  4:30  Pylon  
  58  4:33  Pylon  
  58  4:35  Probe  
  58  4:38  Sentry  
  61  4:39  Probe  
  61  4:41  Blink  
  61  4:42  Observer (Chrono Boost)  
  63  4:47  Probe  
  63  4:48  Pylon  
  63  4:49  Pylon  
  64  4:54  Probe  
  64  4:59  Probe  
  66  5:07  Adept x4  
  66  5:08  Adept  
  76  5:32  Nexus  
  76  5:36  Immortal (Chrono Boost)  
  76  5:39  Forge  
  72  5:49  Stalker x4  
  76  5:50  Stalker  
  76  5:53  Probe x2  
  80  6:01  Gateway x2  
  80  6:10  Gateway  
  80  6:13  Sentry x3  
  80  6:14  Pylon  
  86  6:19  Adept  
  86  6:20  Adept  
  90  6:28  Probe x2, Protoss Ground Weapons Level 1 (Chrono Boost)  
  92  6:36  Pylon  
  92  6:38  Pylon  
  92  6:47  Stalker x4  
  92  6:52  Stalker  
  102  7:05  Stalker x2  
  103  7:25  Stalker x5  
  103  7:29  Stalker x5  
  97  7:30  Stalker, Probe  
  97  7:32  Probe x2  
  97  7:34  Assimilator x2  
  86  7:38  Pylon  
  86  7:41  Stalker, Probe  
  86  7:44  Probe x2  
  89  7:45  Stalker  
  89  7:53  Zealot x4  
  89  7:55  Stalker  
  99  7:58  Probe  
  99  7:59  Probe  
  99  8:00  Probe  
  102  8:06  Stalker x2  
  102  8:09  Probe  
  102  8:11  Probe  
  105  8:14  Probe  
  105  8:19  Probe  
  106  8:24  Probe  
  108  8:31  Stalker  
  108  8:32  Stalker x3  
  114  8:45  Stalker x3  
  116  8:51  Stalker  
  116  8:58  Stalker  
  116  8:59  Stalker x3  
  122  9:03  Warp Prism (Chrono Boost)  
  124  9:13  Adept x3  
  120  9:17  Adept  
  106  9:25  Adept x2  
  106  9:26  Adept x2  
  90  9:35  Stalker x3  
  74  9:41  Stalker  
Tags
 
Add a new tag
Caveats
  • Supply blocks, unpowered buildings, or Contaminate may cause inaccurate times.
  • Supply counts are checked every 10 seconds.